 Dungeon Crawl Stone Soup version 0.17.0-24-gcfadda4 (webtiles) character file.

55 oplop the Insei (level 3, -2/26 HPs)
             Began as a Merfolk Transmuter on Nov 17, 2015.
             Slain by a kobold
             ... wielding a +0 short sword
              (3 damage)
             ... on level 2 of the Dungeon.
             The game lasted 00:02:44 (1005 turns).

oplop the Insei (Merfolk Transmuter)                Turns: 1005, Time: 00:02:44

Health: -2/26      AC:  2    Str: 10    XL:     3   Next: 93%
Magic:  4/7        EV: 13    Int: 18    God:
Gold:   110        SH:  0    Dex: 14    Spells: 2 memorised, 3 levels left

rFire  . . .     SeeInvis .       - Unarmed
rCold  . . .     Clarity  .     b - +0 robe
rNeg   . . .     SustAt   .     (no shield)
rPois  .         Gourm    .     (no helmet)
rElec  .         Spirit   .     (no cloak)
rCorr  .         Warding  .     (no gloves)
rMut   .         Stasis   .     (no boots)
MR     .....                    (no amulet)
Stlth  +.........               (no ring)
                                (no ring)

@: brilliant, lethally poisoned (-2 -> -3), not resistant to hostile
enchantments, very unstealthy
A: change form in water, swift swim
a: no special abilities


You were on level 2 of the Dungeon.
You were very hungry.

You visited 1 branch of the dungeon, and saw 2 of its levels.

You collected 110 gold pieces.

Inventory:

Missiles
 a - 33 arrows
Armour
 b - a +0 robe (worn)
Jewellery
 k - a +2 ring of strength {unknown}
Scrolls
 e - a scroll of identify {unknown}
 i - 2 scrolls of magic mapping {unknown}
 l - a scroll of enchant weapon {unknown}
 n - a scroll of teleportation {unknown}
Books
 c - a book of Changes

   Spells                             Type                      Level
   a - Beastly Appendage              Transmutation                1
   b - Sticks to Snakes               Transmutation                2
   c - Spider Form                    Transmutation/Poison         3
   d - Ice Form                       Ice/Transmutation            4
   e - Blade Hands                    Transmutation                5
Comestibles
 d - 3 bread rations
 f - 3 meat rations
 m - a slice of pizza


   Skills:
 - Level 1.1 Fighting
 - Level 2.6 Dodging
 + Level 3.8 Unarmed Combat
 + Level 2.9 Spellcasting
 + Level 3.7 Transmutations


You had 3 spell levels left.
You knew the following spells:

 Your Spells              Type           Power        Failure   Level  Hunger
a - Beastly Appendage     Trmt           ####..       1%          1    None
b - Spider Form           Trmt/Pois      ###.......   3%          3    ###....


Dungeon Overview and Level Annotations

Branches:
Dungeon (2/15)

Altars:
Fedhas
Okawaru
Qazlal
Xom


Message History

* * * LOW HITPOINT WARNING * * *
The adder bites you but does no damage.
You hit the adder.
You kill the adder!
Your transformation is almost over.
The kobold hits you with a short sword.
* * * LOW HITPOINT WARNING * * *
* * * LOW HITPOINT WARNING * * *
You feel sick.
The kobold throws a stone.
The stone barely misses you.
You see here an adder corpse.
The kobold closely misses you. The kobold closely misses you.
* * * LOW HITPOINT WARNING * * *
You feel sick. The kobold closely misses you.
Your horns disappear.
* * * LOW HITPOINT WARNING * * *
You feel sick.
You barely miss the kobold. The kobold hits you with a short sword.
You die...

######## ######
#......# #....#
#......# #....#
#......# ##.?..#
#......#####.....#
#@......#........#
#.K......†._......
#.......#.........
#####...#....⌠....
###########
#.........(...
#.........#
#....#....._..
+.........+
+.............
##.........#
#....##..$..#.
#..........#########.#
.....#


You could see a kobold.

Vanquished Creatures
  2 gnolls (D:2)
  An adder (D:2)
  5 goblins (D:1)
  4 hobgoblins
  2 jackals (D:2)
  3 kobolds
  A ball python (D:2)
  4 bats
  A giant newt (D:1)
  2 rats (D:2)
25 creatures vanquished.

Notes
Turn   | Place    | Note
--------------------------------------------------------------
     0 | D:1      | oplop the Merfolk Transmuter began the quest for the Orb.
     0 | D:1      | Reached XP level 1. HP: 15/15 MP: 3/3
   251 | D:1      | Reached XP level 2. HP: 21/21 MP: 3/5
   701 | D:2      | Found a blossoming altar of Fedhas.
   793 | D:2      | Found a shimmering altar of Xom.
   793 | D:2      | Found a shimmering altar of Xom.
   793 | D:2      | Found a shimmering altar of Xom.
   793 | D:2      | Found a shimmering altar of Xom.
   796 | D:2      | Found a shimmering altar of Xom.
   797 | D:2      | Found a shimmering altar of Xom.
   898 | D:2      | Reached XP level 3. HP: 26/26 MP: 4/6
   944 | D:2      | Learned a level 3 spell: Spider Form
   972 | D:2      | Found a stormy altar of Qazlal.
   975 | D:2      | Found an iron altar of Okawaru.
  1002 | D:2      | HP: 1/26 [poisoned by an adder]
  1005 | D:2      | Slain by a kobold

Action                   || total
-------------------------++-------
Melee: Unarmed           ||    99
 Cast: Beastly Appendage ||    22
       Spider Form       ||     1
  Use: Potion            ||     3
